 Dungeon Crawl Stone Soup version 0.31.0-32-g396128a36d (webtiles) character file.

Game seed: 756636012846215154

25 H0rd4k the Charlatan (level 3, -2/23 HPs)
             Began as an Octopode Artificer on Apr 18, 2024.
             Slain by a goblin
             ... wielding a +0 dagger
             ... led by Robin
              (3 damage)
             ... on level 4 of the Dungeon.
             The game lasted 00:00:59 (1936 turns).

H0rd4k the Charlatan (Octopode Artificer)           Turns: 1936, Time: 00:01:00

Health: -2/23      AC:  1    Str: 11    XL:     3   Next: 6%
Magic:  3/3        EV: 13    Int: 15    God:
Gold:   126        SH:  0    Dex: 12    Spells: 2/2 levels left

rFire   . .          .
                       - Unarmed
rCold   . . .        (no shield)
rNeg    . . .        (helmet restricted)
rPois   .            (no amulet)
rElec   .            (no ring)
rCorr   .            (no ring)
SInv    .            (no ring)
Will    .....        (no ring)
Stlth   +++          (no ring)
HPRegen 0.23/turn    (no ring)
MPRegen 0.08/turn    (no ring)
                     (no ring)

%: no passive effects
@: no status effects
A: almost no armour, amphibious, 8 rings, camouflage 1, gelatinous body 1,
(nimble swimmer 1), tentacles
a: no special abilities


You were on level 4 of the Dungeon.
You visited 1 branch of the dungeon, and saw 4 of its levels.

You collected 126 gold pieces.

Inventory:

Hand Weapons
 g - a +3 sling
Wands
 b - a wand of flame (15) (quivered)
 c - a wand of charming (15)
 d - a wand of iceblast (5)
Scrolls
 e - a scroll of enchant armour {unknown}
 h - 2 scrolls of revelation {unknown}
 i - 2 scrolls of poison {unknown}
 l - 3 scrolls of teleportation {unknown}
Potions
 a - 3 potions of curing {unknown}
 f - a potion of magic {unknown}
 j - a potion of cancellation {unknown}
 k - a potion of might {unknown}


   Skills:
 + Level 1.2 Fighting
 - Level 2.3 Dodging
 - Level 1.3 Stealth
 + Level 2.4 Unarmed Combat
 - Level 3.2 Evocations


You had 2 spell levels left.
You didn't know any spells.
Your spell library contained the following spells:

 Spells                   Type           Power      Damage    Failure   Level
 Sandblast                Erth           0%         2d4       26%         1
 Cigotuvi's Dreadful Rot  Necr/Alch/Air  0%         N/A       38%         2
 Call Canine Familiar     Summ           0%         N/A       63%         3
 Passwall                 Erth           0%         N/A       63%         3
 Sigil of Binding         Hex            0%         N/A       63%         3
 Stone Arrow              Conj/Erth      0%         3d7       63%         3
 Brom's Barrelling Bould  Conj/Erth      0%         2d3       95%         4
 Dimensional Bullseye     Hex/Tloc       0%         N/A       95%         4
 Dispel Undead            Necr           0%         3d6       95%         4
 Martyr's Knell           Necr/Summ      0%         N/A       95%         4
 Summon Blazeheart Golem  Fire/Summ      0%         N/A       95%         4
 Death Channel            Necr           0%         N/A       100%        6
 Orb of Destruction       Conj           0%         9d5       100%        7
 Spellforged Servitor     Conj/Summ      0%         N/A       100%        7


Dungeon Overview and Level Annotations

Branches:
Dungeon (4/15)
 Temple: D:4-7

Altars:

Shops:
D:2 :

Annotations:
D:3 Robin


Innate Abilities, Weirdness & Mutations

You cannot wear most types of armour.
You are amphibious.
You can wear up to eight rings at the same time.
Your skin changes colour to match your surroundings (Stealth+).
Your rubbery body absorbs attacks. (AC +1, EV +1)
((You are camouflaged when in or above water. (Stealth+)))
You have tentacles for arms and can constrict up to eight enemies at once.


Message History

Found an escape hatch in the ceiling.
No target in view!
No target in view!
You now have 126 gold pieces (gained 13). 7 goblins and a hobgoblin come into view.
Found a stone staircase leading down.
The goblin shouts! x5; You hear a shout! x3
Robin of the Strong Arm comes into view.
They are wielding a +0 spear.
The goblin moves out of view.
The goblin shouts!
The hobgoblin shouts!
You tentacle-slap the goblin. Your grab misses the goblin.
The goblin is moderately wounded.
You hear a shout!
A goblin comes into view. It is wielding a +0 club.
The goblin barely misses you.
There are monsters nearby!
You tentacle-slap the goblin.
You kill the goblin!
Robin throws the goblin at you!
There are monsters nearby!
You barely miss the goblin. You grab the goblin. You constrict the goblin.
There are monsters nearby!
You release your grip on the goblin.
The goblin hits you but does no damage. The goblin hits you with a +0 dagger.
Robin roars a battlecry!
The goblins go into a battle-frenzy!
The goblin closely misses you.
A goblin comes into view. It is wielding a +0 dagger.
The goblin hits you with a +0 dagger. Robin throws the goblin at you!
There is a stone staircase leading down here.
The goblin barely misses you. x2; The goblin hits you with a +0 dagger.
You climb downwards.
Found a stone staircase leading up.
There is a stone staircase leading up here.
Unknown command.
The goblin hits you with a +0 dagger. The goblin hits you with a +0 club.
The goblin hits you with a +0 dagger.
* * * LOW HITPOINT WARNING * * *
The goblin attacks as it pursues you! The goblin hits you with a +0 dagger.
You die...

##########
#......<.#
#........#
#........#
#..g....#
#.g@....#
#.gg.......
##########.


You could see 4 goblins.

Vanquished Creatures
  A dart slug (D:1)
  3 endoplasms
  3 goblins
  3 jackals (D:1)
  A kobold (D:1)
  6 ball pythons
  A bat (D:1)
  2 frilled lizards (D:1)
  2 rats (D:2)
22 creatures vanquished.

Notes
Turn   | Place    | Note
-------+----------+-------------------------------------------
     0 | D:1      | H0rd4k the Octopode Artificer began the quest for the Orb.
     0 | D:1      | Reached XP level 1. HP: 13/13 MP: 1/1
   304 | D:1      | Reached skill level 1 in Unarmed Combat
   333 | D:1      | Reached XP level 2. HP: 18/18 MP: 2/2
  1087 | D:2      | Found Ingoetsoim's Book Boutique.
  1867 | D:2      | Reached XP level 3. HP: 23/23 MP: 3/3
  1927 | D:3      | Noticed Robin
  1936 | D:4      | HP: 1/23 [goblin/+0 dagger[Robin] (6)]
  1936 | D:4      | Slain by a goblin

Illustrated notes

Levels and vault maps discovered:
D:1:      dpeg_arrival_three_smaller_balls, layout_basic
D:2:      layout_basic, serial_shops, shop
D:3:      layout_rooms, minivault_5, minmay_misc_feat_square, uniq_robin
D:4:      layout_gridville, okawaru_trees_1, uniq_menkaure, uniq_pikel

Skill      XL: |  1  2 |
---------------+-------+-----
Unarmed Combat | 1 2 |  2.4
Fighting       | |  1.2
Dodging        | |  2.3
Stealth        | |  1.3
Evocations     | |  3.2

Action                     || total
---------------------------++-------
  Melee: Unarmed           ||    47
         Tentacles         ||    10
         Constrict         ||     9
   Stab: Sleeping          ||     8
 Armour: Skin              ||    22
  Dodge: Dodged            ||    27
